 Dungeon Crawl Stone Soup version 0.31-a0-640-g39d97e502b (webtiles) character file.

Game seed: 1234969357763088631

0 Crownlay the Vexing (level 1, 0/13 HPs)
             Began as a Demonspawn Enchanter on Aug 27, 2023.
             Killed from afar by a dart slug (5 damage)
             ... with a slug dart
             ... on level 1 of the Dungeon.
             The game lasted 00:00:33 (35 turns).

Crownlay the Vexing (Demonspawn Enchanter)            Turns: 35, Time: 00:00:33

Health: 0/13       AC:  2    Str:  8    XL:     1   Next: 0%
Magic:  3/3        EV: 12    Int: 16    God:
Gold:   0          SH:  0    Dex: 13    Spells: 4/4 levels left

rFire   . . .        a - +1 dagger
rCold   . . .        (no shield)
rNeg    . . .        b - +0 robe
rPois   .            (no helmet)
rElec   .            (no cloak)
rCorr   .            (no gloves)
SInv    .            (no boots)
Will    .....        (no amulet)
Stlth   ++           (no ring)
HPRegen 0.22/turn    (no ring)
MPRegen 0.08/turn

%: no passive effects
@: no status effects
A: no striking features
a: no special abilities


You were on level 1 of the Dungeon.
You visited 1 branch of the dungeon, and saw 1 of its levels.

Inventory:

Hand Weapons
 a - a +1 dagger (weapon)
Armour
 b - a +0 robe (worn)
Potions
 c - 2 potions of invisibility


   Skills:
 - Level 0.8 Short Blades
 - Level 1.7 Dodging
 - Level 2.6 Stealth
 + Level 2.0 Spellcasting
 + Level 3.0 Hexes


You had 4 spell levels left.
You didn't know any spells.
Your spell library contained the following spells:

 Spells                   Type           Power      Damage    Failure   Level
 Ensorcelled Hibernation  Hex/Ice        12%        N/A       17%         2
 Confusing Touch          Hex            11%        N/A       19%         3
 Tukima's Dance           Hex            11%        N/A       19%         3
 Dazzling Flash           Conj/Hex       12%        N/A       32%         3


Dungeon Overview and Level Annotations

Branches:
Dungeon (1/15)

Altars:


Message History

Welcome, Crownlay the Demonspawn Enchanter.
The awesome Orb of Zot lies far below, as if waiting for you to find it.
Press ? for a list of commands and other information.
Found a spear.
Found a staircase leading out of the dungeon.
You don't know any spells.
Unknown command.
Okay, then.
You open the door.
There is an open door here.
A goblin comes into view. It is wielding a +0 club.
The goblin shouts!
A dart slug comes into view.
Nothing quivered!
Okay, then.
You don't know any spells.
Unknown command.
The dart slug launches a dart at you. The slug dart hits you.
The goblin closely misses you.
You closely miss the goblin. The dart slug launches a dart at you.
The slug dart misses you. The goblin misses you.
You barely miss the goblin. The goblin misses you.
You hit the goblin but do no damage. You closely miss the goblin.
The goblin barely misses you. The dart slug launches a dart at you.
The slug dart hits you.
You barely miss the goblin. The goblin completely misses you.
You closely miss the goblin. The goblin barely misses you.
The dart slug launches a dart at you. The slug dart hits you.
You hit the goblin.
You kill the goblin!
The dart slug launches a dart at you. The slug dart hits you.
You die...

.####.# .'..#.# .# #
.##...# .# .#
.####.# .#..# .#
#.############.#..#
.#
#.................##
.#
############........
## ...w......#.###
#######@### #)# #..
#..# #..# #..# #...
##.#


You could see a dart slug.

Vanquished Creatures
  A goblin (D:1)
1 creature vanquished.

Notes
Turn   | Place    | Note
-------+----------+-------------------------------------------
     0 | D:1      | Crownlay the Demonspawn Enchanter began the quest for the
                  | Orb.
     0 | D:1      | Reached XP level 1. HP: 13/13 MP: 3/3
    35 | D:1      | Killed from afar by a dart slug

Illustrated notes

Levels and vault maps discovered:
D:1:      psy_arrival_statuary, layout_loops_ring, minmay_tall_x

Action                     || total
---------------------------++-------
  Melee: Dagger            ||     7
  Dodge: Dodged            ||     7

Table legend: (Time is in decaauts)
 A = Elapsed time spent in this place.
 B = Non-inter-level travel time spent in this place.
 C = Inter-level travel time spent in this place.
 D = Time resting spent in this place.
 E = Time spent auto-exploring this place.
 F = Levels seen in this place.
 G = Mean time per level.
                   A        B        C        D        E       F      G
               +--------+--------+--------+--------+--------+-----+--------+
         Total |     34 |     34 |      0 |      0 |     25 |   1 |   34.0 |
       Dungeon |     34 |     34 |      0 |      0 |     25 |   1 |   34.0 |
               +--------+--------+--------+--------+--------+-----+--------+

Top non-repeatable levels by time:
     D:1: 34 daAuts
